 Dungeon Crawl Stone Soup version 0.32-a0-886-g41c5271027 (webtiles) character file.

Game seed: 8280274800912212702

9 Dirtsage the Slasher (level 2, 0/24 HPs)
             Began as a Demonspawn Monk on Apr 3, 2024.
             Slain by a hobgoblin (4 damage)
             ... on level 1 of the Dungeon.
             The game lasted 00:00:17 (68 turns).

Dirtsage the Slasher (Demonspawn Monk)                Turns: 68, Time: 00:00:17

Health: 0/24       AC:  2    Str: 11    XL:     2   Next: 3%
Magic:  2/2        EV: 11    Int: 10    God:
Gold:   0          SH:  0    Dex: 15    Spells: 1/1 levels left

rFire   . . .        a - +0 falchion
rCold   . . .        d - orb {light}
rNeg    . . .        b - +0 robe
rPois   .            (helmet restricted)
rElec   .            (no cloak)
rCorr   .            (no gloves)
SInv    .            (no boots)
Will    .....        (no amulet)
Stlth   +            (no ring)
HPRegen 0.24/turn    (no ring)
MPRegen 0.08/turn

%: no passive effects
@: glowing
A: horns 1
a: no special abilities


You were on level 1 of the Dungeon.
You visited 1 branch of the dungeon, and saw 1 of its levels.

Inventory:

Hand Weapons
 a - a +0 falchion (weapon)
Armour
 b - a +0 robe (worn)
 d - an orb of light (worn)
Potions
 c - a potion of ambrosia


   Skills:
 - Level 3.0 Fighting
 + Level 3.2 Long Blades
 - Level 2.6 Dodging


You had one spell level left.
You didn't know any spells.
Your spell library contained the following spells:

 Spells                   Type           Power      Damage    Failure   Level
 Cigotuvi's Dreadful Rot  Necr/Alch/Air  0%         N/A       50%         2
 Ignite Poison            Fire/Alch      0%         N/A       98%         4
 Freezing Cloud           Conj/Ice/Air   0%         6-21      100%        5


Dungeon Overview and Level Annotations

Branches:
Dungeon (1/15)

Altars:


Innate Abilities, Weirdness & Mutations

You have a pair of small horns on your head.


Message History

Things that are here:
a +0 dagger; a goblin corpse The quokka bites you.
The quokka closely misses you.
You take 2 damage, and have 13/18 hp.
You barely miss the quokka. The quokka bites you.
You take 4 damage, and have 9/18 hp.
MASSIVE DAMAGE!!
You are too injured to fight recklessly!
You are too injured to fight recklessly!
Unknown command.
The quokka bites you but does no damage.
The quokka attacks as it pursues you! The quokka misses you.
You hit the quokka.
The quokka is almost dead.
The quokka bites you.
You take 4 damage, and have 6/18 hp.
MASSIVE DAMAGE!!
You slash the quokka!
You kill the quokka!
The hobgoblin hits you.
* * * LOW HITPOINT WARNING * * *
You have reached level 2!
You feel monstrous as your demonic heritage exerts itself.
Your demonic ancestry asserts itself...
A pair of horns grows on your head!
You take 2 damage, and have 4/24 hp.
MP restored: 2 You barely miss the hobgoblin.
You headbutt the hobgoblin.
The hobgoblin is severely wounded.
The hobgoblin barely misses you.
You barely miss the hobgoblin.
The hobgoblin is heavily wounded.
The hobgoblin barely misses you.
You hit the hobgoblin but do no damage.
The hobgoblin is heavily wounded.
The hobgoblin hits you.
* * * LOW HITPOINT WARNING * * *
You take 1 damage, and have 4/24 hp.
You barely miss the hobgoblin.
The hobgoblin is heavily wounded.
The hobgoblin hits you.
You die...

#........# #########...$....#
#...........?....#
#.###...#........## ##.
..#.....# #...#......)..##....
.......# #...######..........
#...##.# #...# #...........
##......###)..#####...........
#...)##.....^...@gJ...........
.....##.###†..######..........
.....##.# #...# ##...##....
...#.##.# #...# #.### ###.
........###...# #.#
####.#......... ..#
..............## ..
####...#####... #.#.# ##


You could see an endoplasm and a hobgoblin.

Vanquished Creatures
  A dart slug (D:1)
  An endoplasm (D:1)
  A goblin (D:1)
  A kobold (D:1)
  A quokka (D:1)
  A frilled lizard (D:1)
6 creatures vanquished.

Notes
Turn   | Place    | Note
-------+----------+-------------------------------------------
     0 | D:1      | Dirtsage the Demonspawn Monk began the quest for the Orb.
     0 | D:1      | Reached XP level 1. HP: 18/18 MP: 1/1
    65 | D:1      | Discovered your monstrous ancestry.
    65 | D:1      | Gained mutation: You have a pair of small horns on your
                  | head. [demonic ancestry]
    65 | D:1      | Reached XP level 2. HP: 4/24 MP: 2/2
    68 | D:1      | Slain by a hobgoblin

Illustrated notes

Levels and vault maps discovered:
D:1:      tarquinn_simple_flora_water_b, layout_rooms

Skill      XL: |  1 |
---------------+----+-----
Long Blades    | 3 |  3.2
Fighting       | |  3.0
Dodging        | |  2.6

Action                     || total
---------------------------++-------
  Melee: Falchion          ||    16
         Headbutt          ||     1
 Armour: Robe              ||    12
  Dodge: Dodged            ||     7

Table legend: (Time is in decaauts)
 A = Elapsed time spent in this place.
 B = Non-inter-level travel time spent in this place.
 C = Inter-level travel time spent in this place.
 D = Time resting spent in this place.
 E = Time spent auto-exploring this place.
 F = Levels seen in this place.
 G = Mean time per level.
                   A        B        C        D        E       F      G
               +--------+--------+--------+--------+--------+-----+--------+
         Total |     70 |     70 |      0 |      0 |     32 |   1 |   70.0 |
       Dungeon |     70 |     70 |      0 |      0 |     32 |   1 |   70.0 |
               +--------+--------+--------+--------+--------+-----+--------+

Top non-repeatable levels by time:
     D:1: 70 daAuts
